 Dungeon Crawl Stone Soup version 0.26.0-20-g3ca415f5b8 (webtiles) character file.

Game seed: 1913988034447847111

4424 hawla the Thaumaturge (level 10, -7/73 HPs)
             Began as a Pale Draconian Conjurer on Jan 25, 2021.
             Was an Initiate of Gozag.
             Killed by the air
             ... invoked by Gastronok
              (31 damage)
             ... on level 10 of the Dungeon.
             The game lasted 00:33:23 (14169 turns).

hawla the Thaumaturge (Pale Draconian Conjurer)    Turns: 14169, Time: 00:33:24

Health: -7/73      AC: 12    Str: 17    XL:     10   Next: 14%
Magic:  0/22       EV: 12    Int: 22    God:    Gozag
Gold:   987        SH:  4    Dex: 10    Spells: 19/26 levels left

rFire    . . .     SeeInvis +   t - staff of air
rCold    . . .     Faith    .   e - +0 buckler
rNeg     . . .     Spirit   .   (armour unavailable)
rPois    .         Reflect  .   (helmet restricted)
rElec    +         Harm     .   q - +1 cloak
rCorr    .         Rampage  .   i - +0 pair of gloves
Will     .....                  s - +1 pair of boots
Stlth    ++........             (no amulet)
HPRegen  0.00/turn              g - ring of see invisible
MPRegen  0.18/turn              a - +6 ring of strength

@: no status effects
A: breathe steam, unfitting armour, hooves 1, inhibited regeneration, strong 1,
cold-blooded, AC +7
a: Breathe Steam, Renounce Religion, Potion Petition, Call Merchant, Bribe
Branch


You were on level 10 of the Dungeon.
You worshipped Gozag.
Gozag was pleased with you.
You visited 2 branches of the dungeon, and saw 11 of its levels.

You collected 1166 gold pieces.
You paid 179 gold pieces to Gozag.

Inventory:

Missiles
 d - 15 boomerangs (quivered)
 h - a throwing net
Armour
 e - a +0 buckler (worn)
 i - a +0 pair of gloves (worn)
 o - a scarf of harm
 q - a +1 cloak (worn)
 s - a +1 pair of boots (worn)
Magical Staves
 t - an uncursed staff of air (weapon)
Jewellery
 a - a +6 ring of strength (right hand)
 g - a ring of see invisible (left hand)
 k - a +6 ring of strength
 p - an uncursed ring of poison resistance
Wands
 l - a wand of digging (4)
 m - a wand of random effects (31)
 n - a wand of flame (6)
 v - a wand of paralysis (6)
Scrolls
 f - 5 scrolls of remove curse
 u - a scroll of blinking
Potions
 b - 3 potions of flight
 c - a potion of curing
 j - a potion of resistance


   Skills:
 - Level 2.0 Fighting
 * Level 7.5 Staves
 - Level 2.0 Dodging
 - Level 2.0 Stealth
 - Level 4.0 Shields
 + Level 8.5 Spellcasting
 - Level 6.6 Conjurations
 - Level 5.2 Translocations


You had 19 spell levels left.
You knew the following spells:

 Your Spells              Type           Power        Failure   Level
a - Magic Dart            Conj           100%         1%          1
b - Searing Ray           Conj           76%          1%          2
c - Iskenderun's Mystic   Conj/Tloc      35%          6%          4

Your spell library contained the following spells:

 Spells                   Type           Power        Failure   Level
 Apportation              Tloc           64%          1%          1
 Dazzling Flash           Conj/Hex       48%          5%          3
 Animate Skeleton         Necr           18%          7%          1
 Corona                   Hex            10%          7%          1
 Summon Small Mammal      Summ           36%          7%          1
 Fulminant Prism          Conj/Hex       12%          19%         4


Dungeon Overview and Level Annotations

Branches:
Dungeon (10/15)            Temple (1/1) D:7            Lair (0/6) D:9
    Orc (0/2) D:9

Altars:
Ashenzari
Cheibriados
Dithmenos
Elyvilon
Fedhas
Gozag
Hepliaklqana
Kikubaaqudgha
Makhleb
Nemelex Xobeh
Okawaru
Qazlal
Ru
Sif Muna
Trog
Uskayaw
Vehumet
Wu Jian
Xom
Yredelemnul
Zin
The Shining One
Lugonu

Shops:
D:8 ?

Annotations:
D:5 2 runed translucent doors
D:7 1 runed translucent door, Crazy Yiuf
D:10 Gastronok


Innate Abilities, Weirdness & Mutations

You can breathe blasts of scalding, opaque steam.
Your pale cyan-grey scales are hard. (AC +7)
You cannot fit into any form of body armour.
You are cold-blooded and may be slowed by cold attacks.
You have large cloven feet.
You do not regenerate when monsters are visible.
Your muscles are strong. (Str +2)


Message History

You feel better. The bat barely misses you.
You hit Gastronok. You tail-slap Gastronok.
Gastronok is almost dead.
The bat barely misses you. Gastronok bites you!!
Casting: Magic Dart (safe; 1% risk of failure)
Confirm with . or Enter, or press ? or * to list all spells.
Aiming: Magic Dart (safe; 1% risk of failure)
Press: ? - help, Shift-Dir - straight line, f/p - Gastronok
Aim: Gastronok, wearing a +1 hat (almost dead, covering ground quickly, 0% to evade)
The magic dart hits Gastronok.
Gastronok is almost dead.
The bat closely misses you.
Gastronok chants a spell, wobbling all the while.
The bat hits you but does no damage. You block the bat's attack.
Gastronok gurgles, "A snack!
A snack!"
Gastronok waves his eye-stalks in wide circles.
The air twists around and strikes you!!
You die...
Your body crumbles into a pile of gold.

####....#.# #.#..### ##.#
..?....#.###......# #.#
#.....#...#.####.# #..
#.#.......#......#.########
......w.r.#...#............
#.r...#......#.......##
###.....#.##.#.......#
.###..b#.#.#..#.......#
#......b@...#.......####
#####...#####..######
...$.... .....
.###...#...### .....#..
....... . ...#..#. ......


You could see Gastronok (swift), 2 river rats and 2 bats.

Vanquished Creatures
  4 yaks (D:10)
  Edmund (D:4)
  9 orc warriors
  2 sky beasts
  A necrophage (D:7)
  5 ogres (D:7)
  4 centaurs
  A big kobold (D:7)
  4 bullfrogs
  A scorpion (D:7)
  A howler monkey (D:8)
  A centaur zombie (D:5)
  2 bullfrog zombies
  2 jellies
  4 hounds
  4 orc priests
  10 orc wizards
  2 bullfrog skeletons
  3 gnoll shamans (D:7)
  4 iguanas
  2 centaur skeletons
  Ijyb (D:4)
  6 worker ants
  A hound skeleton (D:7)
  8 gnolls (D:7)
  12 adders
  A shadow imp (D:6)
  A white imp (D:9)
  An ufetubus (D:6)
  2 oozes
  An adder zombie (D:5)
  A worm (D:3)
  2 dart slugs
  2 leopard geckos (D:4)
  26 orcs
  11 bats
  2 giant cockroaches
  13 goblins
  11 hobgoblins
  9 jackals
  5 quokkas
  5 frilled lizards
  A jackal skeleton (D:4)
  7 kobolds
  A leopard gecko skeleton (D:7)
  2 leopard gecko zombies
  A quokka zombie (D:5)
  5 rats
205 creatures vanquished.

Vanquished Creatures (others)
  An orc wizard (D:6)
  2 demonic plants (Temple)
  6 fungi (D:7)
  24 plants
33 creatures vanquished.

Grand Total: 238 creatures vanquished

Notes
Turn   | Place    | Note
-------+----------+-------------------------------------------
     0 | D:1      | hawla the Draconian Conjurer began the quest for the Orb.
     0 | D:1      | Reached XP level 1. HP: 14/14 MP: 3/3
   176 | D:1      | Reached skill level 1 in Fighting
   176 | D:1      | Reached XP level 2. HP: 23/23 MP: 3/5
   879 | D:1      | Reached XP level 3. HP: 25/29 MP: 2/6
  1050 | D:1      | Learned a level 2 spell: Searing Ray
  1530 | D:2      | Reached skill level 1 in Shields
  1627 | D:2      | Reached skill level 3 in Spellcasting
  1627 | D:2      | Reached XP level 4. HP: 29/36 MP: 3/8
  1632 | D:2      | Learned a level 4 spell: Iskenderun's Mystic Blast
  1879 | D:2      | Found a faded altar of an unknown god.
  2037 | D:2      | Found a shadowy altar of Dithmenos.
  2037 | D:2      | Found a broken altar of Ashenzari.
  2203 | D:3      | Noticed a centaur
  2212 | D:3      | Reached skill level 1 in Translocations
  2217 | D:3      | Killed a centaur
  2218 | D:3      | Reached XP level 5. HP: 28/41 MP: 1/10
  3422 | D:3      | Found a shimmering blue altar of Sif Muna.
  3471 | D:3      | Found a glowing golden altar of the Shining One.
  3726 | D:4      | Noticed Ijyb
  3749 | D:4      | Killed Ijyb
  3750 | D:4      | Reached XP level 6. HP: 41/48 MP: 0/11
  4030 | D:4      | Noticed an orc warrior
  4039 | D:4      | Killed an orc warrior
  4040 | D:4      | Reached skill level 5 in Conjurations
  4387 | D:4      | Noticed Edmund
  4431 | D:4      | Killed Edmund
  4432 | D:4      | Your scales start taking on a pale cyan-grey colour.
  4432 | D:4      | Reached XP level 7. HP: 21/55 MP: 0/12
  4838 | D:5      | Entered Level 5 of the Dungeon
  5688 | D:5      | Found a hazy altar of Hepliaklqana.
  5914 | D:5      | Found a runed translucent door.
  5915 | D:5      | Found a runed translucent door.
  6009 | D:5      | Reached skill level 4 in Spellcasting
  6315 | D:6      | Reached skill level 1 in Staves
  6610 | D:6      | Found a broken altar of Ashenzari.
  6718 | D:6      | Gained mutation: You do not regenerate when monsters are
                  | visible. [potion of mutation]
  6718 | D:6      | Gained mutation: Your muscles are strong. (Str +2) [potion
                  | of mutation]
  6718 | D:6      | Gained mutation: You have large cloven feet. [potion of
                  | mutation]
  6736 | D:6      | Reached XP level 8. HP: 7/61 MP: 2/14
  7435 | D:6      | Reached skill level 5 in Translocations
  7882 | D:6      | HP: 2/61 [orc warrior/+0 flail (14)]
  8487 | D:6      | Found a hide-covered altar of Uskayaw.
  8487 | D:6      | Found an iron altar of Okawaru.
  8693 | D:7      | Reached skill level 5 in Spellcasting
  8904 | D:7      | Found a runed translucent door.
  8905 | D:7      | Noticed Crazy Yiuf
  9324 | D:7      | Found a staircase to the Ecumenical Temple.
  9353 | Temple   | Entered the Ecumenical Temple
  9427 | Temple   | Became a worshipper of Gozag Ym Sagoz the Greedy
  9717 | D:7      | Reached XP level 9. HP: 22/67 MP: 3/17
  9993 | D:7      | Reached skill level 6 in Spellcasting
 10324 | D:8      | Found Fuompoedis's Magic Scroll Shop.
 10795 | D:8      | Reached skill level 7 in Spellcasting
 11365 | D:7      | Found an ornate altar of the Wu Jian Council.
 11365 | D:7      | Found a burning altar of Makhleb.
 11365 | D:7      | Found a shimmering altar of Xom.
 11365 | D:7      | Found an ancient bone altar of Kikubaaqudgha.
 11365 | D:7      | Found a snail-covered altar of Cheibriados.
 11715 | D:7      | Reached skill level 5 in Staves
 12533 | D:7      | Reached skill level 8 in Spellcasting
 12894 | D:9      | Found a staircase to the Lair.
 13587 | D:9      | Found a staircase to the Orcish Mines.
 13663 | D:9      | Found a sacrificial altar of Ru.
 13892 | D:10     | Entered Level 10 of the Dungeon
 13961 | D:10     | Reached XP level 10. HP: 51/73 MP: 14/22
 14137 | D:10     | Noticed Gastronok
 14169 | D:10     | Killed from afar by Gastronok

Illustrated notes

Levels and vault maps discovered:
D:1:      dpeg_arrival_long_road, layout_rooms, serial_forest,
          infiniplex_forest_straight_2, infiniplex_forest_clump_cross,
          infiniplex_forest_straight_2, infiniplex_forest_clump_double,
          infiniplex_forest_clump_curved, infiniplex_forest_straight_4,
          infiniplex_forest_clump_diagonal, minmay_pentomino_o4
D:2:      layout_basic, nicolae_overflow_hidden_temple,
          chequers_ecumenical_altar_simple, chequers_big_river,
          corexii_item_surrounded_by_moat
D:3:      layout_loops_ring, amethyst_overflow_temple_binary
D:4:      kennysheep_the_goblin_king, layout_rooms, uniq_edmund
D:5:      lemuel_insect_pit, layout_basic, lemuel_crystal_altar,
          minmay_increasing_density
D:6:      layout_loops_ring, gammafunk_temple_overflow_pools,
          cheibrodos_ashenzari_chains
D:7:      kennysheep_seaside_town, layout_basic, grunt_temple_overflow_open,
          temple_fountains, kennysheep_nub, uniq_crazy_yiuf_cottage
D:8:      layout_gridville, serial_shops, nicolae_shop_statue_plus
D:9:      layout_loops_cross, lemuel_coloured_pillars_altar, lair_entry_dummy,
          orc_0_dummy
D:10:     minmay_distorted_concentric_squares, layout_basic, uniq_urug,
          uniq_gastronok
Temple:   corrupted_temple

Skill      XL: |  1  2  3  4  5  6  7  8  9 |
---------------+----------------------------+-----
Stealth        | 2 |  2.0
Dodging        | 2 |  2.0
Fighting       | 1 2 |  2.0
Shields        | 1 2 3 4 |  4.0
Spellcasting   | 3 4 5 8 |  8.5
Translocations | 1 2 3 4 5 |  5.2
Conjurations   | 5 6 |  6.6
Staves         | 1 4 7 |  7.5

Action                   |  1- 3 |  4- 6 |  7- 9 | 10-12 || total
-------------------------+-------+-------+-------+-------++-------
Melee: Unarmed           |    47 |       |       |       ||    47
       Club              |     3 |    57 |       |       ||    60
       Tailslap          |       |     1 |     8 |     1 ||    10
       Quarterstaff      |       |       |    38 |       ||    38
       Staff             |       |       |     1 |     4 ||     5
Throw: Dart              |       |     3 |    19 |       ||    22
       Boomerang         |       |       |     6 |     2 ||     8
 Cast: Magic Dart        |    54 |    28 |    73 |     5 ||   160
       Searing Ray       |     3 |    28 |   102 |     7 ||   140
       Iskenderun's Myst |       |     2 |    14 |     2 ||    18
  Use: Scroll            |     3 |     4 |    13 |       ||    20
       Potion            |       |     4 |    10 |     2 ||    16
Armor: Skin              |    22 |    55 |    49 |     3 ||   129
Dodge: Dodged            |    50 |    39 |   104 |    10 ||   203
Block: Buckler           |       |       |     8 |     4 ||    12
